Map: [ESL] Oceanborn

Players

Has - Winner!

  • Race: Protoss Protoss
  • Spawn Location: 5:00

Silky

  • Race: Zerg Zerg
  • Spawn Location: 11:00

Event: ESL SC2 Masters 2024 Spring (Regional)

VOD

Have the link to the VOD?

Description

Time

  • Played on: April 20, 2024, 8:55 a.m.
  • Length: 14:54

All games in this series

Show
View Real Time Build Order
Export as new Build Order

Has Protoss - Winner!

Build Orders: 1 Gate Expand, Archon Immortal 

Get SALT Encoding   

  12  0:00  Probe  
  13  0:12  Probe  
  14  0:19  Pylon  
  14  0:24  Probe  
  15  0:30  Assimilator  
  15  0:37  Probe (Chrono Boost)  
  16  0:42  Gateway  
  16  0:47  Probe (Chrono Boost)  
  17  0:53  Probe  
  18  1:06  Probe  
  19  1:18  Probe  
  20  1:24  Nexus  
  20  1:34  Cybernetics Core  
  20  1:38  Probe  
  21  1:42  Assimilator  
  21  1:49  Pylon  
  21  1:52  Probe  
  22  2:04  Probe  
  22  2:08  Stalker (Chrono Boost)  
  25  2:16  Probe  
  25  2:17  Robotics Facility  
  25  2:22  Warp Gate  
  27  2:30  Probe (Chrono Boost), Adept  
  27  2:36  Probe (Chrono Boost)  
  31  2:46  Probe (Chrono Boost)  
  31  2:47  Probe (Chrono Boost)  
  32  2:53  Probe  
  32  2:54  Forge  
  32  2:55  Probe  
  34  3:02  Observer (Chrono Boost)  
  34  3:05  Probe  
  36  3:07  Probe  
  36  3:09  Adept  
  39  3:17  Probe  
  40  3:20  Warp Prism (Chrono Boost)  
  40  3:26  Protoss Ground Weapons Level 1  
  42  3:32  Pylon, Probe  
  42  3:33  Probe  
  44  3:50  Gateway  
  44  3:51  Immortal (Chrono Boost)  
  48  3:56  Gateway  
  48  3:59  Probe x2  
  50  4:04  Pylon  
  50  4:11  Gateway  
  50  4:23  Immortal (Chrono Boost)  
  48  4:25  Sentry  
  52  4:34  Gateway  
  52  4:35  Gateway  
  52  4:40  Gateway  
  52  4:48  Pylon  
  52  4:51  Sentry x2  
  52  4:52  Zealot  
  58  4:55  Photon Cannon  
  58  4:56  Observer  
  58  5:01  Pylon  
  58  5:07  Pylon  
  58  5:11  Zealot  
  58  5:12  Zealot  
  58  5:14  Twilight Council  
  62  5:25  Pylon  
  62  5:33  Zealot x6  
  74  5:37  Pylon, Zealot  
  74  5:42  Pylon  
  76  5:47  Pylon  
  76  5:52  Dark Shrine  
  76  6:06  Zealot x5  
  86  6:11  Probe x2  
  86  6:15  Assimilator  
  88  6:28  Zealot x4  
  96  6:47  Pylon  
  96  6:56  Probe x2  
  98  7:03  Dark Templar x3  
  98  7:04  Dark Templar  
  98  7:07  Dark Templar  
  72  7:27  Probe  
  63  7:37  Zealot x2  
  63  7:38  Zealot x4  
  63  7:39  Zealot  
  63  7:41  Warp Prism (Chrono Boost)  
  63  7:43  Probe x2  
  57  7:55  Probe x2  
  59  8:07  Probe  
  58  8:16  Stalker  
  58  8:17  Charge (Chrono Boost), Immortal (Chrono Boost)  
  58  8:18  Zealot x6, Robotics Bay  
  76  8:22  Assimilator  
  76  8:26  Protoss Ground Weapons Level 2 (Chrono Boost)  
  76  8:44  Nexus  
  76  8:48  Immortal (Chrono Boost)  
  80  8:57  Zealot, Sentry  
  80  8:58  Zealot x2  
  88  9:05  Archon x2  
  88  9:12  Pylon, Probe  
  88  9:13  Dark Templar  
  88  9:14  Dark Templar  
  94  9:20  Immortal (Chrono Boost)  
  97  9:39  Zealot x4  
  97  9:40  Archon  
  97  9:42  Zealot  
  107  9:49  Immortal (Chrono Boost)  
  111  9:54  Probe x2  
  113  10:03  Zealot  
  115  10:08  Dark Templar x2  
  119  10:14  Archon  
  119  10:15  Dark Templar x2  
  119  10:17  Sentry  
  119  10:19  Archon  
  125  10:27  Pylon  
  125  10:32  Photon Cannon  
  125  10:33  Zealot  
  127  10:41  Dark Templar x2  
  127  10:42  Zealot x2  
  135  10:46  Archon  
  107  11:12  Disruptor (Chrono Boost)  
  99  11:21  Zealot x3  
  99  11:22  Zealot x4  
  103  11:40  Disruptor (Chrono Boost)  
  107  11:47  Probe x2  
  107  11:48  Probe  
  107  11:52  Zealot x7  
  100  12:09  Probe x3  
  103  12:18  Nexus  
  103  12:21  Dark Templar  
  103  12:22  Dark Templar x3  
  111  12:24  Zealot, Dark Templar x2  
  111  12:25  Archon  
  111  12:27  Archon  
  111  12:28  Assimilator  
  111  12:29  Assimilator  
  117  12:30  Archon  
  117  12:33  Immortal (Chrono Boost)  
  121  12:40  Probe  
  121  12:41  Probe  
  121  12:43  Pylon  
  123  12:50  Dark Templar  
  125  12:54  Probe x2  
  125  13:12  Zealot x6  
  137  13:13  Disruptor  
  139  13:26  Zealot  
  139  13:44  Nexus  
  139  13:48  Zealot x7  
  153  13:56  Pylon  
  153  13:57  Disruptor (Chrono Boost)  
  157  14:05  Photon Cannon  
  157  14:07  Probe x2  
  157  14:14  Probe  
  158  14:22  Probe x2  
  160  14:27  Probe  
  153  14:33  Zealot x5  
  153  14:34  Zealot  
  161  14:39  Probe x2  
Show
View Real Time Build Order
Export as new Build Order

Silky Zerg 

Build Orders: Hatch First 

Get SALT Encoding   

  12  0:00  Drone  
  13  0:12  Overlord  
  13  0:17  Drone  
  14  0:31  Drone x2  
  16  0:49  Hatchery  
  15  0:51  Drone  
  15  0:55  Drone  
  17  0:58  Drone  
  18  1:05  Extractor  
  17  1:13  Spawning Pool  
  17  1:16  Drone  
  17  1:19  Drone  
  18  1:28  Drone  
  19  1:41  Drone  
  20  1:50  Drone  
  21  2:00  Drone  
  21  2:01  Queen x2  
  24  2:02  Zergling x2  
  24  2:06  Metabolic Boost  
  27  2:11  Overlord  
  27  2:12  Drone  
  28  2:27  Hatchery  
  27  2:31  Zergling x2, Drone  
  27  2:34  Zergling x2  
  27  2:36  Drone  
  31  2:43  Queen  
  33  2:47  Drone  
  33  2:50  Overlord  
  34  2:56  Drone  
  34  2:57  Drone  
  36  3:04  Overlord  
  35  3:07  Drone  
  35  3:11  Queen  
  38  3:13  Drone x3  
  38  3:16  Drone  
  38  3:18  Drone  
  43  3:23  Queen  
  45  3:32  Roach Warren  
  44  3:38  Overlord  
  44  3:39  Drone x3  
  47  3:41  Zergling x4  
  47  3:46  Drone x2  
  50  3:51  Drone x3  
  50  3:54  Drone x2  
  55  3:57  Zergling x2  
  55  3:59  Extractor  
  56  4:02  Zergling x2  
  56  4:03  Zergling x4  
  58  4:12  Drone x2  
  58  4:14  Extractor  
  58  4:28  Drone x3  
  58  4:29  Overlord  
  58  4:31  Roach x2  
  64  4:32  Overlord x3  
  64  4:35  Extractor  
  64  4:38  Roach  
  65  4:41  Overlord x3  
  66  4:52  Drone  
  66  4:56  Roach x5  
  76  5:02  Ravager x2  
  76  5:03  Roach x2  
  76  5:06  Roach  
  83  5:09  Roach  
  83  5:11  Roach  
  89  5:14  Roach x2  
  89  5:17  Roach  
  93  5:21  Ravager  
  93  5:24  Zergling x8  
  93  5:28  Ravager  
  99  5:30  Zergling x6  
  102  5:38  Roach x3  
  102  5:39  Zergling x2  
  102  5:42  Roach  
  111  5:45  Roach  
  111  5:46  Ravager  
  111  5:48  Overlord  
  114  5:51  Overlord  
  114  6:07  Overlord  
  114  6:08  Ravager x3  
  114  6:09  Zergling x14  
  124  6:12  Roach  
  124  6:13  Roach  
  124  6:16  Roach  
  130  6:26  Roach x4  
  137  6:37  Overlord  
  137  6:39  Overlord  
  136  6:40  Ravager  
  136  6:41  Overlord  
  137  6:53  Overlord  
  137  6:58  Roach x7  
  137  7:00  Ravager x2  
  153  7:03  Zergling x6  
  153  7:08  Roach x2  
  144  7:16  Roach x3  
  144  7:19  Spore Crawler  
  144  7:20  Spore Crawler  
  116  7:26  Spore Crawler  
  106  7:37  Drone x8  
  106  7:44  Spore Crawler  
  103  7:49  Spore Crawler  
  103  7:50  Lair  
  90  7:57  Spore Crawler  
  87  8:15  Roach x6  
  99  8:20  Ravager  
  100  8:30  Roach  
  100  8:31  Roach  
  104  8:35  Hatchery  
  104  8:39  Ravager  
  104  8:40  Ravager  
  105  8:41  Ravager  
  105  8:42  Roach  
  105  8:43  Roach  
  105  8:47  Overseer  
  105  8:48  Glial Reconstitution  
  110  8:49  Ravager  
  110  8:51  Roach x2, Queen  
  110  8:53  Queen  
  119  8:57  Overseer  
  119  8:58  Roach  
  121  9:03  Overseer  
  121  9:04  Roach  
  123  9:10  Roach  
  123  9:11  Roach  
  127  9:19  Ravager x2  
  127  9:22  Drone x2  
  131  9:36  Drone x2  
  127  9:45  Evolution Chamber  
  126  9:48  Drone  
  126  9:49  Drone x2  
  126  9:51  Baneling Nest  
  128  9:56  Drone x2  
  130  10:01  Roach  
  130  10:03  Roach x2  
  136  10:08  Hatchery  
  136  10:11  Roach  
  136  10:12  Zerg Missile Weapons Level 1  
  136  10:14  Roach x5  
  147  10:16  Roach  
  147  10:21  Roach x2  
  153  10:29  Roach x3  
  153  10:32  Drone  
  160  10:39  Centrifugal Hooks  
  160  10:40  Roach x2  
  160  10:42  Ravager x4  
  167  10:45  Overlord  
  167  10:46  Overlord x2  
  167  10:48  Zergling x2  
  169  10:51  Baneling x5  
  161  11:06  Roach x6  
  151  11:14  Roach  
  151  11:18  Roach x2  
  155  11:24  Overseer  
  155  11:25  Overseer  
  155  11:28  Roach x3  
  158  11:41  Roach x4  
  164  11:56  Zergling x2, Hatchery  
  164  11:57  Zergling x6  
  164  12:00  Ravager  
  155  12:06  Roach x3  
  156  12:10  Roach x2  
  160  12:16  Roach x2  
  160  12:22  Zergling x2  
  165  12:24  Zerg Missile Weapons Level 2  
  165  12:35  Zergling x8  
  159  12:44  Drone x2  
  159  12:45  Drone x4  
  159  12:50  Zergling x2  
  159  12:51  Zergling x8  
  170  12:53  Baneling x9  
  170  12:57  Baneling x3  
  170  13:01  Zergling x6  
  169  13:09  Zergling x2  
  169  13:10  Zergling x4  
  172  13:18  Drone x5  
  151  13:31  Zergling x14  
  151  13:35  Zergling x4  
  151  13:40  Drone  
  154  13:42  Drone  
  120  13:49  Zergling x10  
  120  13:54  Baneling x8  
  120  13:55  Baneling  
  125  13:57  Baneling x3  
  125  13:59  Roach  
  125  14:02  Baneling x5  
  127  14:06  Roach  
  127  14:09  Roach x2  
  129  14:14  Roach  
  129  14:16  Roach x2  
  135  14:19  Roach  
  137  14:25  Roach  
  137  14:30  Roach x3  
  90  14:33  Roach  
Tags
 
Add a new tag
Caveats
  • Supply blocks, unpowered buildings, or Contaminate may cause inaccurate times.
  • Supply counts are checked every 10 seconds.